 Dungeon Crawl Stone Soup version 0.28-a0-233-gb8ca4b6547 (webtiles) character file.

Game seed: 15275697447922992856

35 morganobrien0 the Sneak (level 3, -5/18 HPs)
             Began as a Spriggan Brigand on Aug 22, 2021.
             Slain by Eustachio (9 damage)
             ... on level 4 of the Dungeon.
             The game lasted 00:07:25 (1677 turns).

morganobrien0 the Sneak (Spriggan Brigand)          Turns: 1677, Time: 00:07:29

Health: -5/18      AC:  3    Str:  7    XL:     3   Next: 16%
Magic:  4/4        EV: 17    Int: 12    God:
Gold:   24         SH:  0    Dex: 17    Spells: 2/2 levels left

rFire   . . .      SeeInvis +   a - +2 dagger
rCold   . . .      Faith    .   (shield restricted)
rNeg    . . .      Spirit   .   b - +0 robe
rPois   .          Reflect  .   (helmet restricted)
rElec   .          Harm     .   c - +0 cloak
rCorr   .          Rampage  .   (gloves unavailable)
Will    .....                   (boots unavailable)
Stlth   ++++......              (no amulet)
HPRegen 0.06/turn               (no ring)
MPRegen 0.09/turn               (no ring)

@: very quick
A: very small, no large weapons, unfitting armour, see invisible, speed 3
a: no special abilities


You were on level 4 of the Dungeon.
You visited 1 branch of the dungeon, and saw 3 of its levels.

You collected 24 gold pieces.

Inventory:

Hand Weapons
 a - a +2 dagger (weapon)
Missiles
 d - 8 poisoned darts (quivered)
 e - 2 curare-tipped darts
Armour
 b - a +0 robe (worn)
 c - a +0 cloak (worn)
Scrolls
 g - 2 scrolls of teleportation {unknown}
 h - a scroll of enchant armour {unknown}
 i - a scroll of holy word {unknown}
Potions
 f - 2 potions of lignification {unknown}


   Skills:
 + Level 1.7 Fighting
 + Level 2.4 Short Blades
 + Level 2.2 Throwing
 + Level 2.2 Dodging
 + Level 6.7 Stealth


You had 2 spell levels left.
You didn't know any spells.
Your spell library contained the following spells:

 Spells                   Type           Power      Damage    Failure   Level
 Slow                     Hex            0%         N/A       45%         2
 Confusing Touch          Hex            0%         N/A       69%         3
 Yara's Violent Unravell  Hex/Tmut       0%         3d3       100%        5


Dungeon Overview and Level Annotations

Branches:
Dungeon (2/15)

Altars:

Annotations:
D:2 Sigmund
D:4 Eustachio


Innate Abilities, Weirdness & Mutations

You are very small and have problems with some larger weapons.
You are too small for most types of armour.
You have supernaturally acute eyesight. (SInv)
You cover ground extremely quickly. (Speed+++)


Message History

Eustachio closely misses you.
You hit Eustachio but do no damage.
Eustachio is severely wounded.
Eustachio casts a spell.
Eustachio blinks!
Eustachio gestures wildly while chanting.
You miss Eustachio.
Eustachio is severely wounded.
The ufetubus completely misses you. The ufetubus hits you.
Eustachio barely misses you. The ufetubus completely misses you.
The ufetubus barely misses you. The iron imp hits you!
You barely miss Eustachio.
Eustachio is severely wounded.
Eustachio gestures wildly while chanting.
Eustachio blinks!
The ufetubus closely misses you. The ufetubus misses you.
The ufetubus closely misses you. The ufetubus barely misses you.
The iron imp barely misses you.
Eustachio drinks a potion.
Eustachio suddenly seems more resistant.
The ufetubus hits you but does no damage.
The ufetubus hits you.
Found a scroll labelled ZUFE FAEMAERO.
Eustachio casts a spell.
Eustachio blinks!
The ufetubus hits you.
* * * LOW HITPOINT WARNING * * *
The ufetubus misses you.
You closely miss Eustachio.
Eustachio is severely wounded.
The ufetubus closely misses you. The ufetubus misses you.
Eustachio closely misses you.
You hit Eustachio.
Eustachio is severely wounded.
The ufetubus misses you. x2; The iron imp barely misses you.
You hit Eustachio.
Eustachio is almost dead.
The ufetubus hits you.
* * * LOW HITPOINT WARNING * * *
The ufetubus hits you but does no damage.
Eustachio hits you with a +0 falchion!
Ouch! That really hurt!
You die...

###### .....#
###########.....#
#?..............#
#.......5....$..##
#......@55........
#......@...##.###.
#..........# .#
#..........# #
.............
...........##.
#.###<####.. . #.
... #### #.


You could see Eustachio (resistant), 2 iron imps and an ufetubus (summoned).

Vanquished Creatures
  2 worms (D:2)
  A dart slug (D:1)
  2 endoplasms
  2 giant cockroaches
  2 goblins (D:1)
  2 hobgoblins (D:1)
  6 jackals (D:1)
  A kobold (D:1)
  A quokka (D:2)
  A bat (D:1)
  4 rats
24 creatures vanquished.

Notes
Turn   | Place    | Note
-------+----------+-------------------------------------------
     0 | D:1      | morganobrien0 the Spriggan Brigand began the quest for the
                  | Orb.
     0 | D:1      | Reached XP level 1. HP: 10/10 MP: 2/2
   218 | D:1      | Reached skill level 6 in Stealth
   379 | D:1      | Reached XP level 2. HP: 15/15 MP: 3/3
  1383 | D:2      | Noticed Sigmund
  1398 | D:2      | Reached XP level 3. HP: 13/18 MP: 4/4
  1663 | D:2      | You fall into a shaft and drop 2 floors!
  1663 | D:4      | Noticed Eustachio
  1677 | D:4      | Slain by Eustachio

Illustrated notes

Levels and vault maps discovered:
D:1:      amcnicky_arrival_choice, layout_basic, chequers_serial_rivers_micro_a
D:2:      layout_loops_ring, kennysheep_nub, uniq_sigmund, uniq_terence
D:4:      layout_rooms, uniq_edmund, uniq_eustachio

Skill      XL: |  1 |
---------------+----+-----
Dodging        | 2 |  2.2
Stealth        | 6 |  6.7
Fighting       | |  1.7
Short Blades   | |  2.4
Throwing       | |  2.2

Action                   || total
-------------------------++-------
Melee: Dagger            ||    96
  Use: Scroll            ||     1
 Stab: Sleeping          ||     8
Armor: Robe              ||    10
Dodge: Dodged            ||    63

Table legend: (Time is in decaauts)
 A = Elapsed time spent in this place.
 B = Non-inter-level travel time spent in this place.
 C = Inter-level travel time spent in this place.
 D = Time resting spent in this place.
 E = Time spent auto-exploring this place.
 F = Levels seen in this place.
 G = Mean time per level.
                   A        B        C        D        E       F      G
               +--------+--------+--------+--------+--------+-----+--------+
         Total |   1216 |   1109 |    107 |    351 |    549 |   3 |  405.3 |
       Dungeon |   1216 |   1109 |    107 |    351 |    549 |   3 |  405.3 |
               +--------+--------+--------+--------+--------+-----+--------+

Top non-repeatable levels by time:
     D:1: 794 daAuts
     D:2: 411 daAuts
     D:4: 10 daAuts
